 Dungeon Crawl Stone Soup version 0.21-a0-471-gd587bd5 (webtiles) character file.

74 tof the Twirler (level 4, -4/34 HPs)
             Began as a Demonspawn Gladiator on Nov 21, 2017.
             Slain by a worm (7 damage)
             ... on level 3 of the Dungeon.
             The game lasted 00:02:00 (1681 turns).

tof the Twirler (Demonspawn Gladiator)              Turns: 1681, Time: 00:02:01

Health: -4/34      AC:  4    Str: 14    XL:     4   Next: 10%
Magic:  4/4        EV: 13    Int: 10    God:
Gold:   113        SH:  0    Dex: 15    Spells: 3/3 levels left

rFire    . . .     SeeInvis .   a - +0 quarterstaff
rCold    . . .     Gourm    .   (shield currently unavailable)
rNeg     . . .     Faith    .   b - +0 leather armour
rPois    .         Spirit   .   c - +0 helmet
rElec    .         Reflect  .   (no cloak)
rCorr    .         Harm     .   (no gloves)
MR       .....     Rnd*Tele +   (no boots)
Stlth    +.........             (no amulet)
HPRegen  0.11/turn              o - ring of teleportation (curse)
MPRegen  0.09/turn              (no ring)

@: no status effects
A: demonic guardian 1, powered by death 1
a: no special abilities


You were on level 3 of the Dungeon.
You were not hungry.

You visited 1 branch of the dungeon, and saw 3 of its levels.

You collected 113 gold pieces.

Inventory:

Hand Weapons
 a - a +0 quarterstaff (weapon)
Missiles
 d - 3 throwing nets (quivered)
Armour
 b - a +0 leather armour (worn)
 c - a +0 helmet (worn)
Jewellery
 o - a cursed ring of teleportation (left hand)
Scrolls
 k - 2 scrolls of identify {unknown}
 l - 2 scrolls of teleportation {unknown}
 n - 2 scrolls of fear {unknown}
 p - a scroll of amnesia {unknown}
Potions
 e - 3 potions of lignification {unknown}
 g - 2 potions of haste {unknown}
 h - a potion of agility {unknown}
 i - 2 potions of ambrosia {unknown}
 j - 2 potions of degeneration {unknown}
 m - a potion of flight {unknown}
 r - a potion of curing {unknown}
Comestibles
 f - 2 bread rations


   Skills:
 + Level 2.5 Fighting
 * Level 3.4 Staves
 + Level 2.2 Throwing
 + Level 1.1 Armour
 + Level 3.1 Dodging


You had 3 spell levels left.
You didn't know any spells.

Dungeon Overview and Level Annotations

Branches:
Dungeon (3/15)

Altars:
Elyvilon
Yredelemnul
The Shining One


Innate Abilities, Weirdness & Mutations

A weak demonic guardian rushes to your aid.
You regenerate a little health from kills.


Message History

The goblin hits you with a club. The worm bites you.
You sock the worm!
You kill the worm!
The goblin hits you with a club.
* * * LOW HITPOINT WARNING * * *
You sock the worm!
The worm is moderately wounded.
The goblin hits you but does no damage. The worm bites you.
* * * LOW HITPOINT WARNING * * *
You hit the worm but do no damage.
The worm is moderately wounded.
The goblin closely misses you. The worm bites you.
* * * LOW HITPOINT WARNING * * *
You hit the worm but do no damage.
The worm is moderately wounded.
The goblin misses you.
You hit the worm.
The worm is moderately wounded.
The goblin misses you. The worm bites you!
You die...

############ ### #...........
..#### #........... #.#..#
#...........
..##.#.g###...........
#.......@wg....?...=..
.##.###.#.###...........
..........# ###.......b.
##.###.### #.......#.
#.###.#######.g.....#
#####>..................+
#####...........#####(......#
................# #.......#
#####...........# #.......#


You could see a worm and 2 goblins.

Vanquished Creatures
  An adder (D:2)
  5 worms
  2 dart slugs (D:1)
  2 leopard geckos (D:2)
  3 giant cockroaches
  6 goblins
  6 hobgoblins
  A quokka (D:2)
  5 bats (D:2)
  2 frilled lizards (D:2)
  A jackal skeleton (D:2)
  5 kobolds
  8 rats
  A spectral orc (D:2)
48 creatures vanquished.

Notes
Turn   | Place    | Note
-------+----------+-------------------------------------------
     0 | D:1      | tof the Demonspawn Gladiator began the quest for the Orb.
     0 | D:1      | Reached XP level 1. HP: 16/16 MP: 1/1
   234 | D:1      | Gained mutation: You regenerate a little health from kills. [demonic ancestry]
   234 | D:1      | Reached XP level 2. HP: 22/22 MP: 2/2
   812 | D:2      | Found a glowing golden altar of the Shining One.
   846 | D:2      | Reached XP level 3. HP: 15/28 MP: 3/3
  1198 | D:2      | Reached skill level 1 in Armour
  1441 | D:2      | Found a white marble altar of Elyvilon.
  1554 | D:2      | Found a basalt altar of Yredelemnul.
  1661 | D:3      | Gained mutation: A weak demonic guardian rushes to your aid. [demonic ancestry]
  1661 | D:3      | Reached XP level 4. HP: 31/34 MP: 4/4
  1681 | D:3      | Slain by a worm

Vault maps used:
D:1:      minmay_arrival_floating_metal
D:2:      nicolae_overflow_crystal_walls, yredelemnul_forgotten_temple_becter,
          lemuel_coloured_pillars_altar, minmay_bisected
D:3:      kennysheep_big_flooded_room, first_bread

Skill      XL: |  1  2  3 |
---------------+----------+-----
Staves         | 3 |  3.4
Throwing       | 2 |  2.2
Armour         | 1 |  1.1
Dodging        | 3 |  3.1
Fighting       | |  2.5

Action                   |  1- 3 |  4- 6 || total
-------------------------+-------+-------++-------
Melee: Quarterstaff      |   123 |    19 ||   142
  Eat: Chunk             |     3 |       ||     3
Armor: Leather armour    |    78 |     2 ||    80
Dodge: Dodged            |   195 |    13 ||   208

Table legend:
 A = Spawn XP
 B = Non-spawn XP
 C = Spawn XP percentage of total XP
 D = Spawn monster count
 E = Non-spawn monster count
 F = Spawn count percentage of total count
 G = Total turns spent on level
                    A         B        C        D         E        F      G
               +---------+---------+-------+---------+---------+-------+---------
         Total |       0 |     107 |   0.0 |       0 |      48 |   0.0 |  1681
               +---------+---------+-------+---------+---------+-------+---------
           D:1 |       0 |      15 |   0.0 |       0 |       7 |   0.0 |   634
           D:2 |       0 |      77 |   0.0 |       0 |      34 |   0.0 |   946
           D:3 |       0 |      15 |   0.0 |       0 |       7 |   0.0 |   101
               +---------+---------+-------+---------+---------+-------+---------
